 Dungeon Crawl Stone Soup version 0.28.0-43-g3370ac3207 (webtiles) character file.

Game seed: 17573728980637769575

42 wblackke the Sneak (level 3, -2/24 HPs)
             Began as a Vampire Enchanter on Mar 30, 2022.
             Slain by an orc
             ... wielding a +0 club
              (5 damage)
             ... on level 1 of the Dungeon.
             The game lasted 00:06:33 (796 turns).

wblackke the Sneak (Vampire Enchanter)               Turns: 796, Time: 00:06:34

Health: -2/24      AC:  2    Str:  7    XL:     3   Next: 33%
Magic:  4/6        EV: 12    Int: 19    God:
Gold:   35         SH:  0    Dex: 14    Spells: 1/6 levels left

rFire   . . .      SeeInvis +   a - +1 dagger
rCold   . . .      Faith    .   (no shield)
rNeg    . . .      Spirit   .   b - +0 robe
rPois   .          Reflect  .   (no helmet)
rElec   .          Harm     .   h - scarf {shadows}
rCorr   .          Rampage  .   (no gloves)
Will    .....                   (no boots)
Stlth   +++.......              (no amulet)
HPRegen 0.28/turn               (no ring)
MPRegen 0.10/turn               (no ring)

@: healing quickly
A: alive, fangs 3, see invisible, vampiric 2
a: Exsanguinate


You were on level 1 of the Dungeon.
You visited 1 branch of the dungeon, and saw 2 of its levels.

You collected 35 gold pieces.

Inventory:

Hand Weapons
 a - a +1 dagger (weapon)
 f - a +0 trident of freezing
 g - a +0 short sword
Armour
 b - a +0 robe (worn)
 h - a scarf of shadows (worn)
Scrolls
 e - a scroll of summoning {unknown}
 i - a scroll of fear {unknown}
Potions
 c - 3 potions of invisibility
 d - a potion of lignification {unknown}


   Skills:
 + Level 1.7 Short Blades
 + Level 2.7 Dodging
 + Level 5.0 Stealth
 + Level 2.3 Spellcasting
 + Level 4.8 Hexes


You had one spell level left.
You knew the following spells:

 Your Spells              Type           Power      Damage    Failure   Level
a - Ensorcelled Hibernat  Hex/Ice        22%        N/A       9%          2
b - Confusing Touch       Hex            20%        N/A       7%          3

Your spell library contained the following spells:

 Spells                   Type           Power      Damage    Failure   Level
 Tukima's Dance           Hex            20%        N/A       7%          3
 Dazzling Flash           Conj/Hex       22%        N/A       19%         3
 Ozocubu's Armour         Ice            2%         N/A       43%         3
 Metabolic Englaciation   Hex/Ice        5%         N/A       86%         5
 Simulacrum               Ice/Necr       1%         N/A       100%        6


Dungeon Overview and Level Annotations

Branches:
Dungeon (2/15)

Altars:


Innate Abilities, Weirdness & Mutations

Your natural rate of healing is accelerated.
You have razor-sharp teeth.
You have supernaturally acute eyesight. (SInv)
You are afflicted with vampirism and can become a bat while bloodless.


Message History

Casting: Confusing Touch (quite dangerous; 7% risk of failure)
Confirm with . or Enter, or press ? or * to list all spells.
The spell is quite dangerous to miscast (7% risk of failure)!
Continue anyway?
Your hands begin to glow red.
The orc hits you with a +0 whip.
The orc shouts!
You hit the orc but do no damage.
The orc appears confused.
The orc closely misses you.
You barely miss the orc. You bite the orc.
The orc is moderately wounded.
You hit the orc.
The orc is heavily wounded.
The orc closely misses you.
You hit the orc.
The orc is severely wounded.
The orc barely misses you.
You hit the orc.
The orc is almost dead.
You barely miss the orc.
The orc is lightly wounded.
The orc closely misses the orc.
You hit the orc.
The orc is heavily wounded.
The orc misses you.
You hit the orc but do no damage.
The orc is heavily wounded.
The orc misses you.
The orc closely misses the orc.
You hit the orc.
The orc is severely wounded.
The orc hits you with a +0 club.
You barely miss the orc.
The orc is severely wounded.
The orc hits you with a +0 club.
* * * LOW HITPOINT WARNING * * *
You barely miss the orc.
The orc is severely wounded.
The orc barely misses you.
You hit the orc but do no damage. Your bite misses the orc.
The orc is severely wounded.
The orc hits you with a +0 club.
You die...

# ###..##...##...).....#. ##
#...$ ##.###....###### .####
#.## #.# ####.# .# .....####..##
##.## ##..#### .#
####........###...###......###.#
# #####........o.......##.....#
# ###...###...###...#####..# #
#....## ##o## ##....##...# #
####...#### #@# ####.#.....## #
##.........###.###....#####..##
##...###.....##..(##..### ##†.#
...# ####..#.....#..# ##.. .###
##.........## ### .>.##
#......##### ##..# #..######
##....##..# ###....#


You could see 2 orcs.

Vanquished Creatures
  An adder (D:1)
  A dart slug (D:1)
  5 ball pythons
  An endoplasm (D:1)
  A giant cockroach (D:1)
  3 goblins (D:1)
  3 hobgoblins (D:1)
  4 jackals (D:1)
  2 bats
  7 kobolds (D:1)
  2 rats (D:1)
30 creatures vanquished.

Notes
Turn   | Place    | Note
-------+----------+-------------------------------------------
     0 | D:1      | wblackke the Vampire Enchanter began the quest for the Orb.
     0 | D:1      | Reached XP level 1. HP: 13/13 MP: 3/3
   122 | D:1      | Reached XP level 2. HP: 13/19 MP: 5/5
   427 | D:1      | Learned a level 2 spell: Ensorcelled Hibernation
   493 | D:1      | Gained mutation: You are afflicted with vampirism and can
                  | become a bat while bloodless. [Vampire growth]
   493 | D:1      | Reached XP level 3. HP: 24/24 MP: 6/6
   550 | D:1      | Learned a level 3 spell: Confusing Touch
   619 | D:1      | Reached skill level 5 in Stealth
   622 | D:1      | HP: 1/24 [poisoned by an adder]
   796 | D:1      | Slain by an orc

Illustrated notes

Levels and vault maps discovered:
D:1:      roderic_crossed_star, layout_rooms
D:2:      layout_basic, grunt_ministairs_10

Skill      XL: |  1  2  3 |
---------------+----------+-----
Stealth        | 5 |  5.0
Short Blades   | |  1.7
Dodging        | |  2.7
Spellcasting   | |  2.3
Hexes          | |  4.8

Action                   || total
-------------------------++-------
Melee: Dagger            ||   128
       Bite              ||    14
 Cast: Confusing Touch   ||     3
 Stab: Sleeping          ||     7
       Confused          ||     1
Armor: Robe              ||    17
Dodge: Dodged            ||    94
